 Dungeon Crawl Stone Soup version 0.21-a0-504-g2eda330 (webtiles) character file.

234 Gwenloh the Changer (level 5, -2/40 HPs)
             Began as a Draconian Transmuter on Nov 25, 2017.
             Killed by nerve-wracking pain
             ... invoked by a shadow imp
              (4 damage)
             ... on level 3 of the Dungeon.
             The game lasted 00:18:48 (3358 turns).

Gwenloh the Changer (Draconian Transmuter)          Turns: 3358, Time: 00:18:49

Health: -2/40      AC:  5    Str: 14    XL:     5   Next: 75%
Magic:  11/11      EV: 12    Int: 13    God:
Gold:   130        SH:  0    Dex: 11    Spells: 6/12 levels left

rFire    . . .     SeeInvis .     - Unarmed
rCold    . . .     Gourm    .   (no shield)
rNeg     . . .     Faith    .   (armour unavailable)
rPois    .         Spirit   .   (helmet restricted)
rElec    .         Reflect  .   (no cloak)
rCorr    .         Harm     .   (no gloves)
MR       .....                  (no boots)
Stlth    +.........             (no amulet)
HPRegen  0.13/turn              (no ring)
MPRegen  0.12/turn              (no ring)

@: no status effects
A: unfitting armour, cold-blooded, AC +5
a: no special abilities


You were on level 3 of the Dungeon.
You were hungry.

You visited 1 branch of the dungeon, and saw 3 of its levels.

You collected 130 gold pieces.

Inventory:

Hand Weapons
 a - a +0 fustibalus
Missiles
 g - 55 bolts
 n - 97 stones (quivered)
 v - 5 arrows
Armour
 t - a +0 cloak
Jewellery
 d - a cursed -2 ring of protection {unknown}
Wands
 u - a wand of paralysis (14)
 y - a wand of clouds (4)
Scrolls
 e - 6 scrolls of identify {unknown}
 j - a scroll of noise {unknown}
 p - a scroll of random uselessness {unknown}
 q - a scroll of enchant weapon {unknown}
 r - a scroll of remove curse {unknown}
 s - a scroll of amnesia {unknown}
 x - a scroll of teleportation {unknown}
Potions
 f - 3 potions of heal wounds {unknown}
 h - 2 potions of curing {unknown}
 i - a potion of berserk rage {unknown}
 k - a potion of agility {unknown}
 l - a potion of resistance {unknown}
 w - a potion of brilliance {unknown}
Books
 b - a book of Changes

   Spells                             Type                      Level
   a - Beastly Appendage              Transmutation                1
   b - Sticks to Snakes               Transmutation                2
   c - Spider Form                    Transmutation/Poison         3
   d - Ice Form                       Ice/Transmutation            4
   e - Blade Hands                    Transmutation                5
Comestibles
 c - a bread ration
 o - a meat ration


   Skills:
 - Level 1.1 Fighting
 - Level 1.7 Dodging
 - Level 3.0 Unarmed Combat
 + Level 4.2 Spellcasting
 + Level 4.5 Transmutations


You had 6 spell levels left.
You knew the following spells:

 Your Spells              Type           Power        Failure   Level  Hunger
a - Beastly Appendage     Tmut           ##....       3%          1    None
b - Sticks to Snakes      Tmut           ##......     4%          2    ##.....
c - Spider Form           Tmut/Pois      #.........   24%         3    ###....


Dungeon Overview and Level Annotations

Branches:
Dungeon (3/15)

Altars:
Ru

Annotations:
D:3 1 transporter


Innate Abilities, Weirdness & Mutations

Your plain brown scales are hard. (AC +5)
You cannot fit into any form of body armour.
You are cold-blooded and may be slowed by cold attacks.


Message History

Found a helmet.
You enter the shallow water.
Moving in this stuff is going to be slow.
The shadow imp shouts, "Slither hence, thou unmuzzled weeb-spouting pimple!"
Found 28 gold pieces.
The shadow imp gestures at you. Pain shoots through your body!
The orc priest mumbles some strange prayers to Beogh against you.
Pain shoots through your body!
Found a trident.
Found a transporter.
You open the door. The shadow imp gestures at you.
Pain shoots through your body!
* * * LOW HITPOINT WARNING * * *
The orc priest invokes the aid of Beogh against you.
Beogh smites you!
* * * LOW HITPOINT WARNING * * *
The shadow imp gestures at you. Pain shoots through your body!
You die...

#...#####. #####
#.......<.
##...#####.....###.
#####........#.........
#.....©......#...#.)###
#.#########..#...#..###
#.#8P$©$P8#..###.....[.
#.#≈.[)..≈#..# #.#.....
#.####@####K.....#.....
#.#5≈...≈5#..### #+#...
#.#o≈...≈o#..# #####
#.#.≈≈≈≈≈5#..# #....
#.#.≈≈♣P≈.#... #.###
#.#.≈≈≈≈≈$#..# ## #..
#.#.≈...≈.#.###.# #.#
#.#.≈...≈.#..... .#.#
#.####'####.... .....


You could see 2 orc priests, 3 shadow imps and a kobold.

Vanquished Creatures
  Sigmund (D:2)
  Terence (D:2)
  3 adders (D:3)
  2 oozes (D:2)
  3 dart slugs
  4 leopard geckos
  2 orcs (D:3)
  3 bats
  4 giant cockroaches
  5 goblins
  9 hobgoblins
  5 jackals (D:1)
  2 quokkas
  2 ball pythons
  A frilled lizard (D:3)
  8 kobolds
  5 rats
60 creatures vanquished.

Vanquished Creatures (collateral kills)
  2 goblins (D:1)
  A kobold (D:1)
  A frilled lizard (D:1)
4 creatures vanquished.

Grand Total: 64 creatures vanquished

Notes
Turn   | Place    | Note
-------+----------+-------------------------------------------
     0 | D:1      | Gwenloh the Draconian Transmuter began the quest for the Orb.
     0 | D:1      | Reached XP level 1. HP: 16/16 MP: 3/3
   245 | D:1      | Reached XP level 2. HP: 19/23 MP: 3/5
   263 | D:1      | Learned a level 2 spell: Sticks to Snakes
   979 | D:1      | Reached XP level 3. HP: 28/28 MP: 5/7
  1379 | D:2      | Noticed Terence
  1391 | D:2      | Killed Terence
  1794 | D:2      | Reached XP level 4. HP: 33/35 MP: 6/8
  2017 | D:2      | Noticed Sigmund
  2420 | D:2      | Killed Sigmund
  2420 | D:2      | Reached XP level 5. HP: 40/40 MP: 2/11
  2603 | D:2      | Learned a level 3 spell: Spider Form
  2857 | D:3      | Found a sacrificial altar of Ru.
  3072 | D:3      | Found a transporter.
  3353 | D:3      | Found a transporter.
  3358 | D:3      | HP: 2/40 [orc priest/divine providence (9)]
  3358 | D:3      | Killed from afar by a shadow imp

Vault maps used:
D:1:      erik_arrival_cave_to_civilisation, minmay_small_reverse_x
D:2:      uniq_sigmund, uniq_terence
D:3:      gammafunk_wand_slinger, nicolae_ru_sacrificial_ziggurat

Skill      XL: |  1  2  3  4 |
---------------+-------------+-----
Transmutations | 3 4 |  4.5
Spellcasting   | 3 4 |  4.2
Fighting       | |  1.1
Dodging        | |  1.7
Unarmed Combat | |  3.0

Action                   |  1- 3 |  4- 6 || total
-------------------------+-------+-------++-------
Melee: Unarmed           |   147 |    86 ||   233
       Kick              |     9 |    11 ||    20
       Tailslap          |    12 |     7 ||    19
       Headbutt          |    10 |     4 ||    14
       Punch             |     2 |       ||     2
 Fire: Fustibalus        |       |     4 ||     4
 Cast: Beastly Appendage |    23 |    14 ||    37
       Sticks to Snakes  |     4 |     3 ||     7
       Spider Form       |       |     1 ||     1
Evoke: Wand              |       |     1 ||     1
 Stab: Sleeping          |       |     1 ||     1
  Eat: Chunk             |     4 |     2 ||     6
       Royal jelly       |       |     1 ||     1
Armor: Skin              |    37 |    21 ||    58
Dodge: Dodged            |    99 |    47 ||   146

Table legend:
 A = Spawn XP
 B = Non-spawn XP
 C = Spawn XP percentage of total XP
 D = Spawn monster count
 E = Non-spawn monster count
 F = Spawn count percentage of total count
 G = Total turns spent on level
                    A         B        C        D         E        F      G
               +---------+---------+-------+---------+---------+-------+---------
         Total |       0 |     335 |   0.0 |       0 |      64 |   0.0 |  3358
               +---------+---------+-------+---------+---------+-------+---------
           D:1 |       0 |      54 |   0.0 |       0 |      30 |   0.0 |  1540
           D:2 |       0 |     222 |   0.0 |       0 |      23 |   0.0 |  1067
           D:3 |       0 |      59 |   0.0 |       0 |      11 |   0.0 |   751
               +---------+---------+-------+---------+---------+-------+---------
